 Dungeon Crawl Stone Soup version 0.23.1 (webtiles) character file.

Game seed: 161068193975113146

119830 Borgoz the Slicer (level 16, -4/136 HPs)
             Began as a Ghoul Monk on Mar 16, 2019.
             Was the Champion of Ashenzari.
             Slain by an orc warrior
             ... wielding a +0 glaive
              (22 damage)
             ... while paralysed by an orc sorcerer
             ... on level 2 of the Orcish Mines.
             The game lasted 01:04:11 (26301 turns).

Borgoz the Slicer (Ghoul Monk)                     Turns: 26301, Time: 01:04:12

Health: -4/136     AC: 43    Str: 20    XL:     16   Next: 80%
Magic:  24/24      EV:  2    Int:  8    God:    Ashenzari [******]
Gold:   1134       SH:  0    Dex: 20    Spells: 24/28 levels left

rFire    + . .     SeeInvis +   F - +9 quick blade (curse)
rCold    + . .     Gourm    .   (no shield)
rNeg     + + +     Faith    .   D - +16 plate armour "Zuax" {rPois}
rPois    ∞         Spirit   .   V - +1 hat of Zaesioh {Int+3}
rElec    .         Reflect  .   e - +2 cloak
rCorr    .         Harm     .   G - +2 pair of gloves {archery}
MR       +....     Clarity  +   h - +2 pair of boots
Stlth    +.........             R - amulet of Dereroh {Acrobat Dex+4} (curse)
HPRegen  0.00/turn              H - ring of protection from fire
MPRegen  0.19/turn              k - +3 ring of strength

@: paralysed, very slightly contaminated, rotting, hasted
A: rotting body, claws 1, carnivore, cold resistance 1, negative energy
resistance 3, inhibited regeneration, torment resistance, unbreathing
a: Curse Item, Scrying, Transfer Knowledge, Renounce Religion


You were on level 2 of the Orcish Mines.
You worshipped Ashenzari.
Ashenzari was exalted by your worship.
You were not hungry.

You visited 4 branches of the dungeon, and saw 24 of its levels.
You also visited: Ossuary, Ice Cave and Volcano.

You collected 2202 gold pieces.
You spent 1068 gold pieces at shops.

Inventory:

Hand Weapons
 b - a +1 blowgun
 q - a +1 dagger of distortion
 w - a +0 short sword of draining
 F - a cursed +9 quick blade (weapon)
Missiles
 a - 3 tomahawks of dispersal
 l - 22 tomahawks
 n - 4 exploding tomahawks
 v - 3 throwing nets (quivered)
Armour
 e - a +2 cloak (worn)
 h - a +2 pair of boots (worn)
 D - the +16 plate armour "Zuax" (worn) {rPois}
   (You found it on level 5 of the Dungeon)

   It protects you from poison.
 G - a +2 pair of gloves of archery (worn)
 V - the +1 hat of Zaesioh (worn) {Int+3}
   (You found it in an ice cave)

   It affects your intelligence (+3).
Jewellery
 k - a +3 ring of strength (right hand)
 y - an uncursed ring of protection from cold
 E - an uncursed ring of flight
 H - a ring of protection from fire (left hand)
 N - a +3 ring of evasion
 R - the cursed amulet of Dereroh (around neck) {Acrobat Dex+4}
   (You acquired it on level 1 of the Lair of Beasts)

   [amulet of the acrobat]

   It helps you evade while moving and waiting.
   It affects your dexterity (+4).
   It has a curse placed upon it.
Wands
 d - a wand of acid (11)
 m - a wand of digging (8)
 s - a wand of paralysis (20)
 J - a wand of disintegration (13)
 P - a wand of iceblast (12)
Scrolls
 i - 14 scrolls of teleportation
 p - 3 scrolls of blinking
 r - 16 scrolls of remove curse
 u - 4 scrolls of magic mapping
Potions
 f - 10 potions of heal wounds
 g - 6 potions of might
 o - 4 potions of ambrosia
 t - 7 potions of flight
 x - 3 potions of brilliance
 z - 2 potions of resistance
 A - 3 potions of magic
 B - 4 potions of curing
 K - 4 potions of agility
 L - a potion of cancellation
 M - a potion of haste
Comestibles
 c - 39 rations
 j - 5 chunks of flesh


   Skills:
 + Level 10.6 Fighting
 * Level 12.5(16.6) Short Blades
 * Level 12.1 Armour
 * Level 12.1 Dodging
 + Level 11.1 Stealth
   Level 2.6 Shields
 + Level 6.5 Spellcasting
 + Level 6.6 Hexes
 + Level 3.5 Evocations


You had 24 spell levels left.
You knew the following spells:

 Your Spells              Type           Power        Failure   Level  Hunger
a - Confusing Touch       Hex            ##....       22%         1    None
b - Confuse               Hex            ##......     54%         3    ###....

Your spell library contained the following spells:

 Spells                   Type           Power        Failure   Level  Hunger
 Corona                   Hex            ##.....      22%         1    None
 Portal Projectile        Hex/Tloc       #.....       94%         3    ###....
 Animate Skeleton         Necr           N/A          97%         1    None
 Apportation              Tloc           #.....       97%         1    None
 Freeze                   Ice            #...         97%         1    None
 Pain                     Necr           #...         97%         1    None
 Summon Butterflies       Summ           #.......     97%         1    None
 Summon Small Mammal      Summ           #...         97%         1    None
 Poisonous Vapours        Pois/Air       #.....       99%         2    ##.....
 Sticks to Snakes         Tmut           #.......     99%         2    ##.....
 Throw Frost              Conj/Ice       #.....       99%         2    ##.....
 Call Canine Familiar     Summ           #.......     100%        3    ###....
 Mephitic Cloud           Conj/Pois/Air  #.......     100%        3    ###....
 Ozocubu's Armour         Chrm/Ice       #.......     100%        3    ###....
 Regeneration             Chrm/Necr      #.........   100%        3    ###....
 Vampiric Draining        Necr           #.........   100%        3    ###....
 Animate Dead             Necr           N/A          100%        4    ####...
 Leda's Liquefaction      Hex/Erth       #.........   100%        4    ####...
 Summon Ice Beast         Ice/Summ       #.......     100%        4    ####...
 Throw Icicle             Conj/Ice       #.......     100%        4    ####...
 Bolt of Magma            Conj/Fire/Erth #.........   100%        5    ######.
 Iskenderun's Battlesphe  Conj/Chrm      #.......     100%        5    ######.
 Summon Mana Viper        Hex/Summ       #.......     100%        5    ######.
 Venom Bolt               Conj/Pois      #.........   100%        5    ######.
 Iron Shot                Conj/Erth      #.........   100%        6    #######
 Orb of Destruction       Conj           #.........   100%        7    #######
 Spellforged Servitor     Conj/Summ      #.........   100%        7    #######
 Summon Hydra             Summ           #.........   100%        7    #######
 Beastly Appendage        Tmut           Unusable     N/A         1    N/A
 Spider Form              Tmut/Pois      Unusable     N/A         3    N/A
 Ice Form                 Ice/Tmut       Unusable     N/A         4    N/A
 Blade Hands              Tmut           Unusable     N/A         5    N/A

Dungeon Overview and Level Annotations

Branches:
Dungeon (15/15)            Temple (1/1) D:4            Lair (6/6) D:8
  Swamp (0/4) Lair:4       Spider (0/4) Lair:4        Slime (0/5) Lair:6
    Orc (2/2) D:12            Elf (0/3) Orc:2        Vaults (0/5) D:13
 Depths (0/5) D:15

Altars:
Ashenzari
Cheibriados
Dithmenos
Elyvilon
Fedhas
Gozag
Hepliaklqana
Kikubaaqudgha
Makhleb
Nemelex Xobeh
Okawaru
Qazlal
Ru
Sif Muna
Trog
Uskayaw
Vehumet
Wu Jian
Yredelemnul
Zin
The Shining One
Beogh
Jiyva

Shops:
D:8 :[:?   D:11 (   D:12 !   Orc:2 *%


Innate Abilities, Weirdness & Mutations

Your body is rotting away.
You thrive on raw meat.
You are immune to poison.
You have sharp fingernails.
You are carnivorous and can eat meat at any time.
Your flesh is cold resistant. (rC+)
You are immune to negative energy. (rN+++)
You do not regenerate when monsters are visible.
You are immune to unholy pain and torment.
You can survive without breathing.


Message History

You resist with some effort.
The orc warrior no longer looks unusually strong.
The orc warrior hits you but does no damage.
An orc sorcerer comes into view. It is wielding a +0 dagger.
The orc priest invokes the aid of Beogh against you.
Beogh smites you!
The orc warrior hits you from afar with a +0 halberd!
* * * LOW HITPOINT WARNING * * *
The orc high priest mumbles some strange prayers to Beogh.
The orc knight hits you with a +0 great sword!
* * * LOW HITPOINT WARNING * * *
The orc warrior hits you but does no damage.
The orc sorcerer hits you with a +0 dagger.
* * * LOW HITPOINT WARNING * * *
You hear a screech!
You hear a shout!
The orc high priest no longer looks unusually strong.
The orc priest no longer looks unusually strong.
The orc warrior hits you from afar with a +0 glaive!!
You die...

## * * #...###))# .##
##. , #.##.).###). ..#
#.., #..o##.....).
..### ##...*#..#{
##.).#.. ....# ##.#.#
..# {{##..[.# ...##
##......6#*,∩*{,##.[..
#.## #....3#o##∩ {{ ,
##..# ### *#.4ooooo# {
##.... # #{#@##{{** {
##....# #4oo##,,
{{##...#.. ##oo)## ,
##.......
##...##,##.^.###.. #
##...###...###..# ##
##.).#...###..## .#
####.#.#.###..###
.####
##.###...###..###.
....#
#...###.###).###..


You could see an orc knight, an orc high priest, a torturous demonspawn, a
sixfirhy, a chaos spawn, 3 orc sorcerers, a red devil, 3 orc warriors and 3 orc
priests.

Vanquished Creatures
  A frost giant (IceCv)
  Nessos (D:13)
  4 slime creatures
  2 fire dragons
  A yaktaur captain (D:15)
  2 vault guards (D:13)
  A catoblepas (D:13)
  9 hydras
  4 centaur warriors
  8 two-headed ogres
  The ghost of mrfool the Destroyer, a novice DgCj (D:13)
  2 tengu warriors (D:14)
  3 orc high priests
  5 skeletal warriors (D:14)
  A sixfirhy (Orc:2)
  6 unseen horrors
  2 lindwurms
  3 orc knights (Orc:2)
  A wizard (D:14)
  5 deep elf magi
  An ugly thing (D:11)
  2 manticores
  4 cyclopes
  4 orc sorcerers
  3 salamanders (Volcano)
  An ice statue (IceCv)
  10 elephants
  2 molten gargoyles (Lair:6)
  7 black mambas
  Psyche (D:8)
  The ghost of Terandir the Archer, a novice CeHu of Ashenzari (D:5)
  4 spiny frogs
  3 centaur skeletons
  5 rime drakes
  12 komodo dragons
  A yaktaur (D:15)
  An ice devil (Orc:2)
  2 hellwings (Orc:2)
  11 trolls
  A tengu conjurer (D:11)
  15 polar bears (IceCv)
  Grinder (D:4)
  A meliai zombie (D:14)
  6 dream sheep (Lair:5)
  3 blink frogs (Lair:2)
  14 hippogriffs
  16 yaks
  3 wraiths
  A ynoxinul (Orc:2)
  12 wyverns
  4 fire bats (Volcano)
  9 humans (D:13)
  3 basilisks
  9 steam dragons
  2 hungry ghosts
  5 vampire mosquitoes
  Menkaure (D:5)
  3 wargs
  A soldier ant (D:13)
  7 water moccasins
  5 hell hounds (Lair:6)
  7 porcupines
  A meliai simulacrum (D:15)
  2 black bears
  An eye of draining (shapeshifter) (D:13)
  22 orc warriors
  4 ice beasts
  8 sky beasts
  A hornet zombie (D:13)
  A necrophage (D:11)
  14 wolves
  12 centaurs
  12 ogres
  A phantom (D:9)
  13 crocodiles
  5 eyes of draining
  A gnoll sergeant (D:11)
  20 bullfrogs
  3 water moccasin zombies (Ossuary)
  A wyvern zombie (D:12)
  6 scorpions
  12 killer bees
  4 wights (D:12)
  A vampire bat (Lair:4)
  A howler monkey (D:4)
  An electric eel (Lair:4)
  6 lava snakes
  5 centaur zombies
  3 jellies
  12 crimson imps
  6 hounds
  22 orc priests
  2 bullfrog zombies
  3 bullfrog skeletons
  25 orc wizards
  8 iguanas
  10 worker ants
  2 hell rats (Lair:3)
  2 big kobold zombies (Ossuary)
  A hound zombie (D:8)
  A hound skeleton (D:4)
  2 mummies (Ossuary)
  2 worker ant zombies
  12 gnolls
  9 adders
  6 river rats (Lair:3)
  4 shadow imps
  14 white imps (D:11)
  An ooze (D:2)
  5 adder zombies
  An adder skeleton (D:8)
  5 worms
  2 dart slugs
  12 leopard geckos
  81 orcs
  2 ball pythons
  13 bats
  9 giant cockroaches
  9 goblins
  5 hobgoblins
  8 jackals
  11 kobolds
  5 quokkas
  2 frilled lizards
  A giant cockroach zombie (D:5)
  3 gnoll zombies (Ossuary)
  4 hobgoblin zombies (Ossuary)
  7 kobold zombies (Ossuary)
  5 orc zombies (Ossuary)
  12 rats
  A plant (Volcano)
774 creatures vanquished.

Vanquished Creatures (others)
  A molten gargoyle (Lair:6)
  A wyvern (D:8)
  A human (D:14)
  A centaur (D:13)
  An adder skeleton (D:8)
  An orc (D:7)
  A fungus (D:8)
  4 plants (Volcano)
11 creatures vanquished.

Grand Total: 785 creatures vanquished

Notes
Turn   | Place    | Note
-------+----------+-------------------------------------------
     0 | D:1      | Borgoz the Ghoul Monk began the quest for the Orb.
     0 | D:1      | Reached XP level 1. HP: 19/19 MP: 0/0
    89 | D:1      | Found a sparkling altar of Nemelex Xobeh.
   145 | D:1      | Reached XP level 2. HP: 22/26 MP: 1/1
   203 | D:1      | Reached skill level 1 in Armour
   216 | D:1      | Reached XP level 3. HP: 25/31 MP: 2/2
  1024 | D:2      | Found a faded altar of an unknown god.
  1367 | D:2      | Reached XP level 4. HP: 31/38 MP: 3/3
  1742 | D:2      | You fall through a shaft!
  1819 | D:3      | Found a snail-covered altar of Cheibriados.
  1897 | D:3      | Found an ancient bone altar of Kikubaaqudgha.
  2176 | D:3      | Found a glowing silver altar of Zin.
  2375 | D:3      | Reached XP level 5. HP: 24/46 MP: 4/4
  2838 | D:3      | Noticed a moth of wrath
  2841 | D:3      | Found a bloodstained altar of Trog.
  3134 | D:4      | Reached XP level 6. HP: 45/52 MP: 5/5
  3253 | D:4      | Noticed Grinder
  3291 | D:4      | Killed Grinder
  3291 | D:4      | Reached XP level 7. HP: 52/60 MP: 6/6
  3703 | D:4      | Found a staircase to the Ecumenical Temple.
  3748 | Temple   | Entered the Ecumenical Temple
  4084 | D:4      | Reached XP level 8. HP: 64/67 MP: 7/7
  4239 | D:5      | Entered Level 5 of the Dungeon
  4290 | D:5      | Found a runed translucent door.
  4291 | D:5      | Noticed Terandir's ghost (novice CeHu)
  4550 | D:5      | Found a sacrificial altar of Ru.
  4586 | D:5      | Found an ornate altar of the Wu Jian Council.
  4633 | D:5      | Found a sand-covered staircase.
  4639 | Ossuary  | Entered an ossuary
  4654 | Ossuary  | Reached skill level 5 in Dodging
  4746 | Ossuary  | Reached skill level 5 in Short Blades
  5145 | Ossuary  | Reached skill level 5 in Fighting
  5447 | D:5      | Noticed a wraith
  5668 | D:5      | Noticed Menkaure
  5671 | D:5      | Killed Menkaure
  6014 | D:5      | Got an ancient plate armour
  6025 | D:5      | Identified the +16 plate armour "Zuax" {rPois} (You found
                  | it on level 5 of the Dungeon)
  6177 | D:5      | Reached skill level 5 in Stealth
  6177 | D:5      | Reached XP level 9. HP: 66/74 MP: 8/8
  6199 | D:6      | Reached skill level 5 in Armour
  6651 | D:6      | Found a radiant altar of Vehumet.
  6731 | D:6      | Found a stormy altar of Qazlal.
  7624 | D:8      | Found Humun's Magic Scroll Emporium.
  7629 | D:8      | Bought 2 scrolls of identify for 48 gold pieces
  7683 | D:8      | Found a shadowy altar of Dithmenos.
  7890 | D:8      | Reached XP level 10. HP: 77/83 MP: 9/9
  7948 | D:8      | Found a staircase to the Lair.
  7981 | D:8      | Found Xim Wuov's Armour Shoppe.
  7991 | D:8      | Noticed Psyche
  8013 | D:8      | Paralysed by something for 5 turns
  8024 | D:8      | Killed Psyche
  8079 | D:8      | Found Uguith's Book Shop.
  8087 | D:8      | Bought a book of Cantrips for 220 gold pieces
  8089 | D:8      | Learned a level 1 spell: Confusing Touch
  8104 | D:8      | Found a transporter.
  8105 | D:8      | Found a transporter.
  8182 | D:8      | Noticed a cyclops
  8208 | D:8      | Noticed a deep elf mage
  8209 | D:8      | Found a transporter.
  8227 | D:8      | Found a transporter.
  8227 | D:8      | Found a transporter.
  8230 | D:8      | Found the +4 skin of Zhor {Hibernate rC+++ SInv}
  8515 | D:8      | Found Magecu's Book Emporium.
  8842 | D:9      | Found a shattered altar of Ashenzari.
  8855 | D:9      | Became a worshipper of Ashenzari the Shackled
  8855 | D:9      | Reached * piety under Ashenzari
  8855 | D:9      | Reached ** piety under Ashenzari
  9505 | D:9      | Reached skill level 1 in Hexes
  9543 | D:9      | Reached skill level 1 in Spellcasting
  9572 | D:9      | Identified a scroll of acquirement
  9794 | D:10     | Entered Level 10 of the Dungeon
  9948 | D:10     | Killed an unseen horror
  9978 | D:10     | Reached XP level 11. HP: 69/92 MP: 2/12
 10347 | D:10     | Killed an unseen horror
 10395 | D:10     | Noticed a two-headed ogre
 10414 | D:10     | Killed a two-headed ogre
 10942 | D:11     | Found a frozen archway.
 10978 | D:11     | Killed an unseen horror
 11035 | IceCv    | Entered an ice cave
 11281 | IceCv    | Reached XP level 12. HP: 82/101 MP: 15/15
 11470 | IceCv    | Noticed a frost giant
 11514 | IceCv    | Killed a frost giant
 11589 | IceCv    | Got the uncursed hat of Zaesioh {Int+3}
 11911 | D:11     | Noticed a two-headed ogre
 11928 | D:11     | Killed a two-headed ogre
 12039 | D:11     | Noticed a two-headed ogre
 12065 | D:11     | Killed a two-headed ogre
 12094 | D:11     | Noticed an eight-headed hydra
 12112 | D:11     | Killed an eight-headed hydra
 12426 | D:11     | Found Zetiopt's Antique Weapon Shop.
 12793 | D:12     | Identified the +1 hat of Zaesioh {Int+3} (You found it in
                  | an ice cave)
 12896 | Lair:1   | Entered Level 1 of the Lair of Beasts
 12896 | Lair:1   | Noticed a six-headed hydra
 12912 | Lair:1   | Killed a six-headed hydra
 12912 | Lair:1   | Reached XP level 13. HP: 106/108 MP: 18/18
 12916 | Lair:1   | Identified the cursed amulet of Dereroh {Acrobat Dex+4}
                  | (You acquired it on level 1 of the Lair of Beasts)
 13167 | Lair:1   | Reached *** piety under Ashenzari
 13575 | Lair:1   | Reached skill level 10 in Short Blades
 13575 | Lair:1   | Reached skill level 10 in Dodging
 14009 | Lair:2   | Got the cursed robe "Gimuxeonne" {+Fly rElec rCorr}
 14795 | Lair:3   | Reached **** piety under Ashenzari
 15284 | Lair:3   | Reached skill level 10 in Armour
 15572 | Lair:4   | Found a hole to the Spider Nest.
 15687 | Lair:4   | Found a staircase to the Swamp.
 16627 | Lair:5   | Identified the cursed +0 robe "Gimuxeonne" {+Fly rElec
                  | rCorr} (You found it on level 2 of the Lair of Beasts)
 17082 | Lair:5   | Reached XP level 14. HP: 62/118 MP: 20/20
 17303 | Lair:6   | Entered Level 6 of the Lair of Beasts
 17337 | Lair:6   | Reached skill level 5 in Spellcasting
 17426 | Lair:6   | Reached ***** piety under Ashenzari
 17457 | Lair:6   | Found a viscous altar of Jiyva.
 17457 | Lair:6   | Found a staircase to the Slime Pits.
 17489 | Lair:6   | Reached skill level 5 in Hexes
 17636 | Lair:6   | Found a large runed translucent door.
 17636 | Lair:6   | Found a large runed translucent door.
 17789 | Lair:6   | Reached skill level 10 in Stealth
 17847 | Lair:6   | Identified the cursed +1 flail of Offea {flame, Fragile rF+
                  | SInv}
 19193 | D:5      | Killed Terandir's ghost
 19407 | D:8      | Got the uncursed robe "Forget-Me-Not" {+Fly rPois Slay+3
                  | Stlth+}
 19682 | D:12     | Found a staircase to the Orcish Mines.
 20075 | D:12     | Found Ciuqex's Distillery.
 20091 | D:12     | Bought a potion of experience for 800 gold pieces
 20091 | D:12     | Reached XP level 15. HP: 126/126 MP: 22/22
 20403 | D:13     | Identified the +9 flail "Qyul" {flame, rElec rC+ Str+6
                  | Int-5}
 20453 | D:13     | Noticed Nessos
 20807 | D:13     | Killed Nessos
 20844 | D:13     | Noticed mrfool's ghost (novice DgCj)
 20846 | D:13     | Found a runed translucent door.
 20893 | D:13     | Killed mrfool's ghost
 20893 | D:13     | Reached skill level 1 in Evocations
 21019 | D:13     | Reached skill level 10 in Fighting
 21275 | D:13     | Found a gate to the Vaults.
 21883 | D:13     | Reached XP level 16. HP: 122/133 MP: 23/23
 22565 | D:14     | Identified the Almanac of Plaster Cramp
 22574 | D:14     | Identified Ts'ui Pên's Compendium of Forking Paths
 22646 | D:14     | Identified Sif Muna's Almanac of Axaxaxas mlö
 22652 | D:14     | Learned a level 3 spell: Confuse
 23113 | D:15     | Entered Level 15 of the Dungeon
 23654 | D:15     | Found a staircase to the Depths.
 23902 | Orc:1    | Entered Level 1 of the Orcish Mines
 23993 | Orc:1    | Found a roughly hewn altar of Beogh.
 24165 | Orc:1    | Reached ****** piety under Ashenzari
 24174 | Orc:1    | Found a dark tunnel.
 24182 | Volcano  | Entered a volcano
 25140 | Orc:1    | Found a roughly hewn altar of Beogh.
 25307 | Orc:2    | Entered Level 2 of the Orcish Mines
 25449 | Orc:2    | Found a staircase to the Elven Halls.
 25699 | Orc:2    | Found Fonakoiq's General Store.
 25737 | Orc:2    | Found Xeops's Food Shoppe.
 26298 | Orc:2    | Paralysed by an orc sorcerer for 3 turns
 26301 | Orc:2    | Slain by an orc warrior

Skill      XL: |  1  2  3  4  5  6  7  8  9 10 11 12 13 14 15 16 |
---------------+-------------------------------------------------+-----
Short Blades   | 3 4 5 6 7 8 9 10 11 12 | 12.5
Armour         | 1 2 3 4 6 7 8 9 10 11 12 | 12.1
Dodging        | 3 4 5 6 7 8 9 10 11 12 | 12.1
Stealth        | 3 4 5 6 7 8 9 10 11 | 11.1
Fighting       | 4 5 6 7 8 9 10 | 10.6
Hexes          | 1 2 4 5 6 |  6.6
Spellcasting   | 1 2 4 5 6 |  6.5
Shields        | 2 |  2.6
Evocations     | 1 3 |  3.5

Action                   |  1- 3 |  4- 6 |  7- 9 | 10-12 | 13-15 | 16-18 || total
-------------------------+-------+-------+-------+-------+-------+-------++-------
Melee: Short sword       |   126 |   140 |       |       |       |       ||   266
       Rapier            |       |   135 |   385 |       |       |       ||   520
       Dagger            |       |       |   483 |   408 |       |       ||   891
       Quick blade       |       |       |       |  1018 |  1799 |  1294 ||  4111
Throw: Throwing net      |       |     2 |       |       |     1 |       ||     3
 Cast: Confusing Touch   |       |       |       |       |       |     4 ||     4
Evoke: Wand              |       |       |       |     1 |     4 |       ||     5
  Use: Potion            |       |     8 |     1 |     1 |     2 |     2 ||    14
       Scroll            |       |       |    15 |     6 |     7 |     2 ||    30
 Stab: Sleeping          |     4 |     3 |     8 |       |       |       ||    15
       Held in net/web   |       |       |       |       |     3 |       ||     3
       Paralysed         |       |       |       |       |     3 |       ||     3
       Petrified         |       |       |       |       |     1 |       ||     1
       Confused          |       |       |       |       |       |     6 ||     6
  Eat: Chunk             |     3 |    19 |    28 |    51 |    61 |    33 ||   195
Armor: Robe              |    25 |       |       |       |       |       ||    25
       Ring mail         |     3 |    79 |   102 |       |       |       ||   184
       Plate armour      |       |       |   303 |   686 |   723 |   324 ||  2036
Dodge: Dodged            |    78 |   152 |   320 |   284 |   592 |   486 ||  1912
Block: Other             |       |       |   142 |   155 |       |       ||   297
       Reflection        |       |       |     1 |     4 |       |       ||     5
